 Dungeon Crawl Stone Soup version 0.25-a0-990-g0adbbaad2a (webtiles) character file.

Game seed: 17447059082158120909, levelgen mode: deterministic

8068 Kapusniak the Geomancer (level 11, -5/64 HPs)
             Began as a Gargoyle Earth Elementalist on May 10, 2020.
             Was a Priest of Vehumet.
             Killed from afar by Psyche (8 damage)
             ... with a puff of frost
             ... on level 11 of the Dungeon.
             The game lasted 00:26:06 (12356 turns).

Kapusniak the Geomancer (GrEE)                     Turns: 12356, Time: 00:26:06

Health: -5/64      AC:  0    Str: 11    XL:     11   Next: 25%
Magic:  3/21       EV: 22    Int: 20    God:    Vehumet [***...]
Gold:   549        SH:  0    Dex: 15    Spells: 12/24 levels left

rFire    . . .     SeeInvis .   (weapon currently unavailable)
rCold    . . .     Gourm    .   (shield currently unavailable)
rNeg     + . .     Faith    .   (armour currently unavailable)
rPois    ∞         Spirit   .   (helmet currently unavailable)
rElec    .         Reflect  .   (cloak currently unavailable)
rCorr    .         Harm     .   (gloves currently unavailable)
MR       .....                  (boots currently unavailable)
Stlth    ++........             M - amulet of inaccuracy (curse)
HPRegen  0.20/turn              (ring currently unavailable)
MPRegen  0.17/turn              (ring currently unavailable)

@: bat-form, flying, very slightly contaminated, very quick
A: tiny, negative energy resistance 1, petrification resistance, rot immunity,
subdued magic 1, MP-powered wands, AC +8
a: Renounce Religion


You were on level 11 of the Dungeon.
You worshipped Vehumet.
Vehumet was most pleased with you.
You were near starving.
You were in bat-form.
You visited 2 branches of the dungeon, and saw 12 of its levels.

You collected 549 gold pieces.

Inventory:

Hand Weapons
 l - a +0 quarterstaff of protection
 m - a +1 flail
 r - a +3 short sword of speed
 u - a +2 morningstar of holy wrath (melded)
Missiles
 b - 69 stones (quivered)
Armour
 a - a +0 pair of boots (melded)
 c - a +0 robe
 E - a +2 hat (melded)
 G - the +1 robe of the Doldrums (melded) {*Contam +Inv rN++ Stlth+}
   (You found it on level 9 of the Dungeon)

   It greatly protects you from negative energy.
   It lets you turn invisible.
   It causes magical contamination when unequipped.
   It makes you more stealthy.
Jewellery
 z - an uncursed ring of ice
 F - a ring of protection from magic (melded)
 I - a ring of flight (melded)
 L - an uncursed ring of poison resistance {unknown}
 M - a cursed amulet of inaccuracy (around neck)
Wands
 n - a wand of random effects (5)
 o - a wand of digging (1)
 t - a wand of enslavement (20)
 y - a wand of iceblast (19)
 B - a wand of paralysis (10)
 C - a wand of flame (24)
Scrolls
 g - 2 scrolls of fear
 k - 5 scrolls of teleportation
 v - 2 scrolls of magic mapping
 A - 2 scrolls of amnesia
 D - a scroll of fog
Potions
 e - 2 potions of heal wounds
 f - 2 potions of stabbing
 h - a potion of haste
 i - 2 potions of invisibility
 j - 3 potions of flight
 p - 2 potions of brilliance
 q - 5 potions of curing
 s - a potion of resistance
 x - a potion of lignification {unknown}
 J - 2 potions of might {unknown}
 K - a potion of ambrosia {unknown}
Comestibles
 d - 22 rations


   Skills:
 + Level 5.4 Fighting
 + Level 5.0 Maces & Flails
 + Level 5.5 Armour
 + Level 4.6 Dodging
 - Level 2.1 Stealth
 + Level 7.0 Spellcasting
 + Level 7.7 Conjurations
   Level 0.7 Transmutations
 + Level 9.4 Earth Magic
 + Level 4.6 Evocations


You had 12 spell levels left.
You knew the following spells:

 Your Spells              Type           Power        Failure   Level  Hunger
a - Sandblast             Erth           ####..       1%          1    None
b - Stone Arrow           Conj/Erth      ####..       1%          3    #......
c - Lee's Rapid Deconstr  Erth           ####......   1%          5    #####..
d - Mephitic Cloud        Conj/Pois/Air  ##......     2%          3    #......

Your spell library contained the following spells:

 Spells                   Type           Power        Failure   Level  Hunger
 Passwall                 Tmut/Erth      ###.....     1%          2    None
 Summon Small Mammal      Summ           #...         8%          1    None
 Petrify                  Tmut/Erth      ###.....     10%         4    ###....
 Call Imp                 Summ           #.......     12%         2    None
 Call Canine Familiar     Summ           #.......     24%         3    #......
 Summon Guardian Golem    Hex/Summ       #.......     24%         3    #......
 Summon Ice Beast         Ice/Summ       #.......     63%         4    ###....
 Summon Lightning Spire   Summ/Air       #.......     63%         4    ###....


Dungeon Overview and Level Annotations

Branches:
Dungeon (11/15)            Temple (1/1) D:7            Lair (0/6) D:10
    Orc: D:9-12

Altars:
Ashenzari
Cheibriados
Dithmenos
Fedhas
Gozag
Hepliaklqana
Kikubaaqudgha
Makhleb
Nemelex Xobeh
Okawaru
Qazlal
Ru
Sif Muna
Trog
Uskayaw
Vehumet
Wu Jian
Xom
Yredelemnul

Shops:
D:4 :   D:8 =

Annotations:
D:11 Psyche


Innate Abilities, Weirdness & Mutations

You are resistant to torment.
((Your stone body is resilient. (AC +8)))
You are immune to poison.
You resist negative energy. (rN+)
((You are resistant to electric shocks. (rElec)))
((You can survive without breathing.))
You are immune to petrification.
You are immune to rotting.
((Your flesh is heat resistant. (rF+)))
Your spells are a little easier to cast, but a little less powerful.
You expend magic power (3 MP) to strengthen your wands.


Message History

A puff of frost appears from out of thin air!
The puff of frost misses you.
A magic dart appears from out of thin air!
The magic dart hits you.
* * * LOW HITPOINT WARNING * * *
You hear a zap.
You turn into a bat.
Your +2 morningstar of holy wrath melds into your body.
Your +2 hat melds into your body.
Your +0 pair of boots melds into your body.
The +1 robe of the Doldrums {*Contam +Inv rN++ Stlth+} melds into your body.
Your ring of protection from magic melds into your body.
Your ring of flight melds into your body.
Your +2 morningstar of holy wrath stops glowing.
A magic dart appears from out of thin air!
The magic dart hits you!
* * * LOW HITPOINT WARNING * * *
A puff of frost appears from out of thin air!
The puff of frost hits you!
You die...

.# ..# #.########.#
#.#.....<#.#.# ##
#.#.######.#.# .. #.#.#
#.#.#
#.##.#.######.#.#####
.............b........
##.##.#.....##...####
#.#........##...#
#.#..#......#...#
#.#..##.....#...#
#.#..##.....#...#####
##.#..##.....#W.......
####......#.....#..######
..........#######..#


You could see a freezing wraith.

Vanquished Creatures
  A death knight (D:11)
  A two-headed ogre (D:8)
  Maggie (D:6)
  The ghost of Maedhros the Spear-Bearer, a novice OpCK of Xom (D:5)
  2 hippogriffs
  A wraith (D:11)
  A hungry ghost (D:9)
  3 wargs (D:10)
  2 water moccasins
  2 orc warriors
  A necrophage (D:9)
  4 sky beasts
  5 ice beasts
  3 phantoms
  5 ogres
  5 centaurs
  A big kobold (D:10)
  8 bullfrogs
  Blork the orc (D:5)
  5 scorpions
  4 howler monkeys
  4 crimson imps
  2 bullfrog zombies
  A quasit (D:9)
  2 jellies (D:10)
  9 orc priests
  2 centaur skeletons
  7 hounds
  A gnoll shaman (D:7)
  7 orc wizards
  Jessica (D:2)
  An iguana (D:9)
  Natasha (D:3)
  9 worker ants
  A hound skeleton (D:8)
  A howler monkey zombie (D:7)
  3 worker ant zombies
  5 gnolls (D:7)
  14 adders
  3 shadow imps
  An ooze (D:2)
  2 adder zombies
  An adder skeleton (D:8)
  2 worms
  3 dart slugs
  11 leopard geckos
  48 orcs
  2 ball pythons (D:1)
  8 bats
  5 giant cockroaches
  5 goblins
  7 hobgoblins
  20 jackals
  6 quokkas
  5 frilled lizards
  18 kobolds
  2 leopard gecko skeletons
  A quokka zombie (D:5)
  8 rats
286 creatures vanquished.

Notes
Turn   | Place    | Note
-------+----------+-------------------------------------------
     0 | D:1      | Kapusniak the Gargoyle Earth Elementalist began the quest
                  | for the Orb.
     0 | D:1      | Reached XP level 1. HP: 10/10 MP: 3/3
   154 | D:1      | Reached XP level 2. HP: 11/15 MP: 3/5
   260 | D:1      | Reached skill level 4 in Earth Magic
   850 | D:1      | Reached XP level 3. HP: 14/19 MP: 6/6
   855 | D:1      | Learned a level 3 spell: Stone Arrow
  1694 | D:2      | Reached skill level 1 in Conjurations
  1694 | D:2      | Reached XP level 4. HP: 10/24 MP: 0/8
  2092 | D:2      | Noticed Jessica
  2097 | D:2      | Killed Jessica
  2097 | D:2      | Reached skill level 5 in Earth Magic
  2097 | D:2      | Reached XP level 5. HP: 26/28 MP: 5/9
  2109 | D:2      | Learned a level 5 spell: Lee's Rapid Deconstruction
  2338 | D:2      | Found a bloodstained altar of Trog.
  3582 | D:3      | Reached XP level 6. HP: 32/32 MP: 0/11
  4041 | D:3      | Noticed Natasha
  4046 | D:3      | Killed Natasha
  4214 | D:4      | Noticed a hippogriff
  4215 | D:4      | Noticed a phantom
  4219 | D:4      | Killed a hippogriff
  4219 | D:4      | Reached skill level 6 in Earth Magic
  4219 | D:4      | Reached XP level 7. HP: 36/36 MP: 6/13
  4529 | D:4      | Found Ocrieblil's Book Shoppe.
  4671 | D:4      | Reached skill level 7 in Earth Magic
  4672 | D:4      | Reached skill level 5 in Spellcasting
  4686 | D:4      | Reached skill level 5 in Conjurations
  4686 | D:4      | Reached XP level 8. HP: 31/41 MP: 2/15
  5016 | D:4      | Reached skill level 1 in Armour
  5092 | D:4      | Found a stormy altar of Qazlal.
  5181 | D:5      | Entered Level 5 of the Dungeon
  5190 | D:5      | Reached skill level 1 in Maces & Flails
  5308 | D:5      | Reached skill level 1 in Fighting
  5339 | D:5      | Noticed Blork the orc
  5345 | D:5      | Killed Blork the orc
  5377 | D:5      | Found a shimmering altar of Xom.
  5378 | D:5      | Found a hazy altar of Hepliaklqana.
  5379 | D:5      | Noticed a spectral ugly thing
  5406 | D:5      | Reached skill level 1 in Evocations
  5693 | D:5      | Gained mutation: You tend to lose your temper in combat.
                  | [potion of mutation]
  5693 | D:5      | Gained mutation: Your natural rate of healing is unusually
                  | fast. [potion of mutation]
  5693 | D:5      | Gained mutation: You are partially covered in yellow
                  | scales. (AC +2) [potion of mutation]
  5771 | D:5      | Noticed Maedhros's ghost (novice OpCK)
  5828 | D:5      | Found a runed translucent door.
  5861 | D:5      | Found a shimmering blue altar of Sif Muna.
  5863 | D:5      | Found an iron altar of Okawaru.
  5864 | D:5      | Found an opulent altar of Gozag.
  6040 | D:5      | Killed Maedhros's ghost
  6040 | D:5      | Reached XP level 9. HP: 48/49 MP: 9/17
  6106 | D:6      | Found a snail-covered altar of Cheibriados.
  6314 | D:6      | Lost mutation: Your natural rate of healing is unusually
                  | fast. [potion of mutation]
  6314 | D:6      | Lost mutation: You tend to lose your temper in combat.
                  | [potion of mutation]
  6314 | D:6      | Lost mutation: You are partially covered in yellow scales.
                  | (AC +2) [potion of mutation]
  6314 | D:6      | Gained mutation: Your spells are a little easier to cast,
                  | but a little less powerful. [potion of mutation]
  6314 | D:6      | Gained mutation: Your flesh is heat resistant. (rF+)
                  | [potion of mutation]
  6314 | D:6      | Gained mutation: You expend magic power (3 MP) to
                  | strengthen your wands. [potion of mutation]
  6422 | D:6      | Noticed Maggie
  6438 | D:6      | Killed Maggie
  6438 | D:6      | Reached skill level 8 in Earth Magic
  7500 | D:7      | Found a basalt altar of Yredelemnul.
  7844 | D:7      | Found a staircase to the Ecumenical Temple.
  7853 | Temple   | Entered the Ecumenical Temple
  7883 | Temple   | Became a worshipper of Vehumet
  8351 | D:8      | Reached XP level 10. HP: 56/56 MP: 12/19
  8416 | D:8      | Found Ohufad's Jewellery Shop.
  8575 | D:8      | Found a sacrificial altar of Ru.
  9266 | D:8      | Noticed a two-headed ogre
  9273 | D:8      | Killed a two-headed ogre
  9850 | D:9      | Reached * piety under Vehumet
  9850 | D:9      | Offered knowledge of Freeze by Vehumet.
  9904 | D:8      | Paralysed by fainting for 10 turns
 10286 | D:9      | Found an ornate altar of the Wu Jian Council.
 10333 | D:9      | Got a fabulously ornate robe
 10344 | D:9      | Identified the +1 robe of the Doldrums {*Contam +Inv rN++
                  | Stlth+} (You found it on level 9 of the Dungeon)
 10462 | D:9      | Reached skill level 9 in Earth Magic
 10766 | D:10     | Entered Level 10 of the Dungeon
 10818 | D:10     | Reached skill level 5 in Armour
 11000 | D:10     | Reached skill level 5 in Fighting
 11001 | D:10     | Reached ** piety under Vehumet
 11053 | D:10     | Found a staircase to the Lair.
 11134 | D:10     | Offered knowledge of Shock by Vehumet.
 11463 | D:10     | Reached XP level 11. HP: 63/63 MP: 11/21
 11855 | D:10     | Offered knowledge of Mephitic Cloud by Vehumet.
 11881 | D:10     | Learned a level 3 spell: Mephitic Cloud
 12150 | D:11     | Noticed a manticore
 12314 | D:11     | Noticed Psyche
 12314 | D:11     | Noticed a death knight
 12339 | D:11     | Reached *** piety under Vehumet
 12340 | D:11     | Killed a death knight
 12340 | D:11     | Reached skill level 5 in Maces & Flails
 12354 | D:11     | HP: 3/64 [something/magic dart (8)]
 12356 | D:11     | Killed from afar by Psyche

Illustrated notes

Levels and vault maps discovered:
D:1:      shiori_arrival_maze, layout_basic
D:2:      layout_loops_ring, bloody_trog, first_ration, uniq_jessica
D:3:      layout_basic, uniq_natasha
D:4:      layout_rooms, serial_shops, nicolae_shop_waterfront,
          serial_bayou_pond_e, grunt_qazlal_clouds
D:5:      layout_rooms, regret_index_temple_of_mockery,
          chequers_temple_overflow_statue_of_worship,
          hellmonk_ghost_happy_afterlife, nrook_campfire, uniq_blork_the_orc
D:6:      layout_cave_pools, kennysheep_slug_shrine, uniq_maggie
D:7:      layout_loops_ring, nicolae_overflow_crystal_walls,
          lemuel_temple_firewalk_b, skrybe_limestone_x
D:8:      kennysheep_ambush_hall, layout_layer_cave, old_standard_altar,
          serial_shops, shop
D:9:      layout_basic, kennysheep_mini_moat
D:10:     layout_roguey, erik_lair_orcish_takeover
D:11:     layout_basic, orc_0_dummy, uniq_sonja, uniq_erica, uniq_psyche
Temple:   cyrus_circular_temple

Skill      XL: |  1  2  3  4  5  6  7  8  9 10 11 |
---------------+----------------------------------+-----
Earth Magic    | 4 5 6 7 8 9 |  9.4
Spellcasting   | 3 4 5 6 7 |  7.0
Conjurations   | 1 2 3 5 6 7 |  7.7
Armour         | 2 3 5 |  5.5
Maces & Flails | 2 3 4 5 |  5.0
Fighting       | 2 3 5 |  5.4
Dodging        | 2 3 4 |  4.6
Evocations     | 1 3 4 |  4.6
Stealth        | |  2.1
Transmutations | |  0.7

Action                   |  1- 3 |  4- 6 |  7- 9 | 10-12 || total
-------------------------+-------+-------+-------+-------++-------
Melee: Unarmed           |     9 |       |       |       ||     9
       Club              |   106 |    74 |       |       ||   180
       Flail             |       |    59 |    29 |       ||    88
       Short sword       |       |       |   341 |    81 ||   422
       Morningstar       |       |       |       |   211 ||   211
 Cast: Sandblast         |    23 |    52 |   109 |    67 ||   251
       Stone Arrow       |       |     1 |     3 |     3 ||     7
       Lee's Rapid Decon |       |       |     3 |    16 ||    19
Evoke: Wand              |       |       |       |    16 ||    16
  Use: Scroll            |       |     4 |    11 |     3 ||    18
       Potion            |       |       |     2 |     2 ||     4
 Stab: Sleeping          |     5 |     5 |     4 |     5 ||    19
       Distracted        |       |       |     1 |       ||     1
  Eat: Chunk             |     3 |     8 |    14 |    14 ||    39
       Ration            |       |       |       |     1 ||     1
Armor: Robe              |    59 |    75 |   142 |   185 ||   461
Dodge: Dodged            |    97 |   128 |   232 |   226 ||   683

Table legend:
 A = Non-vault XP
 B = Vault XP
 C = Vault XP percentage of total XP
 D = Non-vault monster count
 E = Vault monster count
 F = Vault count percentage of total count
                 A         B        C        D         E       F
            +---------+---------+-------+---------+---------+-------
      Total |    9265 |    2262 |  19.6 |     262 |      24 |   8.4
            +---------+---------+-------+---------+---------+-------
        D:1 |      48 |       4 |   7.7 |      25 |       2 |   7.4
        D:2 |     169 |      37 |  18.0 |      35 |       1 |   2.8
        D:3 |     165 |      35 |  17.5 |      28 |       1 |   3.4
        D:4 |    1016 |       0 |   0.0 |      22 |       0 |   0.0
        D:5 |     651 |     452 |  41.0 |      19 |       2 |   9.5
        D:6 |     397 |     419 |  51.3 |      22 |       2 |   8.3
        D:7 |    1032 |       0 |   0.0 |      29 |       0 |   0.0
        D:8 |    1597 |     607 |  27.5 |      18 |       6 |  25.0
        D:9 |     987 |       0 |   0.0 |      16 |       0 |   0.0
       D:10 |    1847 |     708 |  27.7 |      40 |      10 |  20.0
       D:11 |    1356 |       0 |   0.0 |       8 |       0 |   0.0
            +---------+---------+-------+---------+---------+-------
